 Dungeon Crawl Stone Soup version 0.29-a0-341-g24ffce5b50 (webtiles) character file.

Game seed: 3973270393102988786

7 spaghetti the Caller (level 1, 11/14 HPs)
             Began as a Demigod Summoner on Apr 21, 2022.
             Quit the game on level 1 of the Dungeon.
             The game lasted 00:01:11 (336 turns).

spaghetti the Caller (Demigod Summoner)              Turns: 336, Time: 00:01:12

Health: 11/14      AC:  2    Str:  9    XL:     1   Next: 73%
Magic:  5/5        EV: 12    Int: 17    God:
Gold:   0          SH:  0    Dex: 14    Spells: 2/3 levels left

rFire   . . .      SeeInvis .   (no weapon)
rCold   . . .      Faith    .   (no shield)
rNeg    . . .      Spirit   .   a - +0 robe
rPois   .          Reflect  .   (no helmet)
rElec   .          Harm     .   (no cloak)
rCorr   .          Rampage  .   (no gloves)
Will    .....                   (no boots)
Stlth   ++........              (no amulet)
HPRegen 0.04/turn               (no ring)
MPRegen 0.09/turn               (no ring)

@: no status effects
A: high MP 1, forlorn, divine attributes
a: no special abilities


You were on level 1 of the Dungeon.
You visited 1 branch of the dungeon, and saw 2 of its levels.


Innate Abilities, Weirdness & Mutations

You have an increased reservoir of magic. (+10% MP)
You shall have no god before yourself.
Your divine heritage dramatically boosts your attributes as you level up.


   Skills:
 - Level 1.7 Dodging
 - Level 1.7 Stealth
 - Level 1.7 Spellcasting
 + Level 4.0 Summonings


You had 2 spell levels left.
You knew the following spells:

 Your Spells              Type           Power      Damage    Failure   Level
a - Summon Small Mammal   Summ           60%        N/A       3%          1

Your spell library contained the following spells:

 Spells                   Type           Power      Damage    Failure   Level
 Call Imp                 Summ           15%        N/A       6%          2
 Call Canine Familiar     Summ           15%        N/A       12%         3
 Summon Guardian Golem    Hex/Summ       8%         N/A       26%         3
 Summon Lightning Spire   Summ/Air       8%         N/A       65%         4

Inventory:

Missiles
 d - 2 poisoned darts {throwing}
Armour
 a - a +0 robe (worn)
Scrolls
 e - a scroll of enchant armour {unknown}
Potions
 b - a potion of magic

Dungeon Overview and Level Annotations

Branches:
Dungeon (2/15)

#.# #.####### #.#
#.#..... #.# #.#..# ##
#.# #.†..# ..
#.#####>#..#
.##.####.......#.....
........########.......
.#####.###.###### ...####
....... #.@.....# ...#
.......##.r####.# ...#
#.........# .J.#
..............#
....#...#........
.........................
....##...................
...# #......#.###.#...#.#
### #..#.....# #.#...#.#


You could see a friendly quokka (summoned).


Message History

You hit the hobgoblin but do no damage. The hobgoblin barely misses you.
You hit the hobgoblin but do no damage. Your punch misses the hobgoblin.
The hobgoblin hits you but does no damage.
Casting: Summon Small Mammal (safe; 4% risk of failure)
Confirm with . or Enter, or press ? or * to list all spells.
The hobgoblin hits you. 😮 HP[-1] MP[-1]
You take 1 damage, and now have 8/14 hp.
You lost 1 mp, and now have 3/5 mp.
Casting: Summon Small Mammal (safe; 4% risk of failure)
Confirm with . or Enter, or press ? or * to list all spells.
Your bat hits the hobgoblin but does no damage.
The hobgoblin hits you.
* * * LOW HITPOINT WARNING * * *
😨 HP[-2]
You take 2 damage, and now have 6/14 hp.
You hit the hobgoblin.
Your bat barely misses the hobgoblin.
Your bat misses the hobgoblin. The hobgoblin hits you.
* * * LOW HITPOINT WARNING * * *
Your bat barely misses the hobgoblin. 😱 HP[-5]
You take 5 damage, and now have 1/14 hp.
MASSIVE DAMAGE!! (PAUSE)
You hit the hobgoblin but do no damage.
Your bat hits the hobgoblin but does no damage. x3
The hobgoblin hits your bat.
Your bat dies!
Your bat's corpse disappears in a puff of smoke!
The hobgoblin shouts!
It was a potion of heal wounds.
You feel much better.
Your bat hits the hobgoblin but does no damage.
The hobgoblin barely misses you. 😎 HP[+13]
Your hp is fully restored (14).
You hit the hobgoblin.
Your bat hits the hobgoblin but does no damage.
The hobgoblin hits your bat.
You hit the hobgoblin but do no damage.
Your bat hits the hobgoblin but does no damage.
The hobgoblin completely misses your bat.
You hit the hobgoblin but do no damage.
Your bat hits the hobgoblin but does no damage.
The hobgoblin barely misses you.
You hit the hobgoblin.
You kill the hobgoblin!
You swap places.
You see here a hobgoblin corpse.
An endoplasm is nearby!
An endoplasm is nearby! 😎 MP[+1]
An endoplasm is nearby!
An endoplasm is nearby!
An endoplasm is nearby!
(D) Dungeon
Where to? (Enter - D:1, ? - help)
Okay, then.
There is a stone staircase leading down here.
You can't go up here!
A dart slug comes into view. 😎 MP[+1]
Your mp is fully restored (5).
A dart slug is nearby!
A dart slug is nearby!
Unknown command.
A dart slug is nearby!
A dart slug is nearby!
A hobgoblin comes into view.
The dart slug launches a dart at you. The slug dart hits you. 😕 HP[-3]
You take 3 damage, and now have 11/14 hp.
MASSIVE DAMAGE!! (PAUSE) 😕 HP[+1] Unknown command.
Casting: Summon Small Mammal (safe; 4% risk of failure)
Confirm with . or Enter, or press ? or * to list all spells.
Your bat hits the dart slug. 😕 MP[-1]
You lost 1 mp, and now have 4/5 mp.
You are too injured to fight recklessly!
You swap places.
The hobgoblin shouts!
The hobgoblin hits you. The dart slug launches a dart at you.
The slug dart misses you.
The slug dart hits the hobgoblin. 😕 HP[-1]
You take 1 damage, and now have 11/14 hp.
You hit the hobgoblin.
You kill the hobgoblin!
Your quokka bites the dart slug.
You hit the dart slug but do no damage.
Your quokka bites the dart slug.
The dart slug bites you but does no damage.
You hit the dart slug.
Your quokka bites the dart slug.
The dart slug barely misses your quokka.
You hit the dart slug.
Your quokka bites the dart slug.
The dart slug dies!
Your Summonings skill increases to level 4! 😕 MP[+1]
Your mp is fully restored (5).
Are you sure you want to abandon this character and quit the game? (Confirm with "yes".)

Skill      XL: |  1 |
---------------+----+-----
Summonings     | 4 |  4.0
Dodging        | |  1.7
Stealth        | |  1.7
Spellcasting   | |  1.7

Action                   || total
-------------------------++-------
Melee: Unarmed           ||    24
 Cast: Summon Small Mamm ||    11
  Use: Potion            ||     1
 Stab: Sleeping          ||     1
Armor: Robe              ||     3
Dodge: Dodged            ||    18

Levels and vault maps discovered:
D:1:      tarquinn_simple_flora_water_a, layout_loops_cross, serial_shops,
          nicolae_diamond_shop
D:2:      layout_basic, ebering_ecumenical_altar_sacrificial, basic_altar,
          serial_shops, shop, minmay_statues_item, uniq_crazy_yiuf_cottage,
          uniq_robin

Notes
Turn   | Place    | Note
-------+----------+-------------------------------------------
     0 | D:1      | spaghetti the Demigod Summoner began the quest for the Orb.
     0 | D:1      | Reached XP level 1. HP: 14/14 MP: 5/5
     0 | D:1      | magus.rc [v1.9.6]
   289 | D:1      | HP: 1/14 [hobgoblin (5)]
   336 | D:1      | Reached skill level 4 in Summonings
   336 | D:1      | Quit the game

Vanquished Creatures
  2 hobgoblins (D:1)
  A rat (D:2)
3 creatures vanquished.

Vanquished Creatures (collateral kills)
  A dart slug (D:1)
  2 endoplasms
3 creatures vanquished.

Grand Total: 6 creatures vanquished

Table legend:
 A = Non-vault XP
 B = Vault XP
 C = Vault XP percentage of total XP
 D = Non-vault monster count
 E = Vault monster count
 F = Vault count percentage of total count
                 A         B        C        D         E       F
            +---------+---------+-------+---------+---------+-------
      Total |      11 |       0 |   0.0 |       5 |       0 |   0.0
            +---------+---------+-------+---------+---------+-------
        D:1 |       8 |       0 |   0.0 |       3 |       0 |   0.0
        D:2 |       3 |       0 |   0.0 |       2 |       0 |   0.0
            +---------+---------+-------+---------+---------+-------

Illustrated notes

Table legend:
 A = Kills in this place as a percentage of kills in entire the game.
 B = Kills by you in this place as a percentage of kills by you in the entire game.
 C = Kills by friends in this place as a percentage of kills by friends in the entire game.
 D = Other kills in this place as a percentage of other kills in the entire game.
 E = Experience gained in this place as a percentage of experience gained in the entire game.
 F = Experience gained in this place divided by the number of levels of this place that you have seen.
                   A       B       C       D       E      F
               +-------+-------+-------+-------+-------+----------------------
         Total | 100.0 | 100.0 | 100.0 |   N/A | 100.0 |   5.5
       Dungeon | 100.0 | 100.0 | 100.0 |   N/A | 100.0 |   5.5
               +-------+-------+-------+-------+-------+----------------------

Table legend: (Time is in decaauts)
 A = Elapsed time spent in this place.
 B = Non-inter-level travel time spent in this place.
 C = Inter-level travel time spent in this place.
 D = Time resting spent in this place.
 E = Time spent auto-exploring this place.
 F = Levels seen in this place.
 G = Mean time per level.
                   A        B        C        D        E       F      G
               +--------+--------+--------+--------+--------+-----+--------+
         Total |    336 |    327 |      9 |      0 |    243 |   2 |  168.0 |
       Dungeon |    336 |    327 |      9 |      0 |    243 |   2 |  168.0 |
               +--------+--------+--------+--------+--------+-----+--------+

Top non-repeatable levels by time:
     D:1: 266 daAuts
     D:2: 69 daAuts
